 Dungeon Crawl Stone Soup version 0.28-a0-769-g550dbda0cd (webtiles) character file.

Game seed: 715204282592041633

8023 mandarbmax the Nimble (level 11, -2/86 HPs)
             Began as a Merfolk Summoner on Oct 31, 2021.
             Was an Initiate of Gozag.
             Slain by a sun demon (24 damage)
             ... summoned by a kobold demonologist
             ... on level 9 of the Dungeon.
             The game lasted 00:57:02 (13517 turns).

mandarbmax the Nimble (Merfolk Summoner)           Turns: 13517, Time: 00:57:03

Health: -2/86      AC: -3    Str:  9    XL:     11   Next: 24%
Magic:  29/29      EV: 17    Int: 17    God:    Gozag
Gold:   192        SH:  0    Dex: 13    Spells: 4/22 levels left

rFire   + + +      SeeInvis .   j - +2 whip (venom)
rCold   . . .      Faith    .   (no shield)
rNeg    . . .      Spirit   .   E - +0 steam dragon scales
rPois   .          Reflect  .   s - +2 helmet
rElec   +          Harm     .   (no cloak)
rCorr   .          Rampage  .   F - +1 pair of gloves
Will    .....                   t - +2 pair of boots
Stlth   ++........              (no amulet)
HPRegen 0.24/turn               g - ring "Otifeeh" {rElec rF+++ Will- MP+9 AC+4 Dex-2}
MPRegen 0.21/turn               (no ring)

@: mighty, brilliant, about to teleport, corroded
A: (nimble swimmer 2), mertail
a: Renounce Religion, Potion Petition, Call Merchant, Bribe Branch


You were on level 9 of the Dungeon.
You worshipped Gozag.
Gozag was aware of your devotion.
You visited 2 branches of the dungeon, and saw 10 of its levels.
You also visited: Sewer and Bailey.

You collected 1391 gold pieces.
You spent 924 gold pieces at shops.
You paid 275 gold pieces to Gozag.

Inventory:

Hand Weapons
 a - a +2 long sword of venom
 f - a +0 dagger of freezing
 j - a +2 whip of venom (weapon)
 y - a +1 long sword of pain
Missiles
 q - 21 poisoned darts (quivered)
 C - a throwing net
Armour
 s - a +2 helmet (worn)
 t - a +2 pair of boots (worn)
 A - a +3 leather armour
 B - a +2 scale mail of fire resistance
 E - +0 steam dragon scales (worn)
 F - a +1 pair of gloves (worn)
Jewellery
 g - the ring "Otifeeh" (left hand) {rElec rF+++ Will- MP+9 AC+4 Dex-2}
   (You took it off an orc warrior in a bailey)

   [ring of protection]

   AC:        It affects your AC (+4).
   Dex:       It affects your dexterity (-2).
   rF:        It renders you almost immune to fire.
   rElec:     It insulates you from electricity.
   MP:        It affects your magic capacity (+9).
   Will:      It decreases your willpower.
Wands
 m - a wand of iceblast (4)
 r - a wand of acid (7)
Scrolls
 b - 2 scrolls of magic mapping
 c - a scroll of fog {unknown}
 d - a scroll of blinking {unknown}
 k - 3 scrolls of fear {unknown}
 n - a scroll of immolation
 v - a scroll of torment {unknown}
 x - a scroll of teleportation
 G - a scroll of amnesia {unknown}
 H - a scroll of brand weapon {unknown}
Potions
 e - 2 potions of might
 h - 4 potions of curing
 i - 2 potions of flight
 l - 2 potions of heal wounds
 o - a potion of attraction
 p - 2 potions of lignification
 u - 2 potions of haste
 w - a potion of magic {unknown}
 z - a potion of experience
 D - 3 potions of resistance {unknown}


   Skills:
 + Level 8.2 Fighting
 + Level 12.2 Dodging
 - Level 2.1 Stealth
 - Level 6.0 Spellcasting
 - Level 4.0 Hexes
 - Level 9.0 Summonings
 - Level 3.0 Air Magic
 - Level 4.0 Evocations


You had 4 spell levels left.
You knew the following spells:

 Your Spells              Type           Power      Damage    Failure   Level
a - Summon Small Mammal   Summ           100%       N/A       1%          1
b - Call Imp              Summ           52%        N/A       1%          2
c - Summon Guardian Gole  Hex/Summ       40%        N/A       2%          3
d - Call Canine Familiar  Summ           52%        N/A       1%          3
e - Summon Lightning Spi  Summ/Air       38%        N/A       11%         4
f - Summon Mana Viper     Hex/Summ       40%        N/A       24%         5

Your spell library contained the following spells:

 Spells                   Type           Power      Damage    Failure   Level
 Beastly Appendage        Tmut           14%        N/A       13%         1
 Foxfire                  Conj/Fire      28%        2x1d5     13%         1
 Magic Dart               Conj           28%        1d4       13%         1
 Wereblood                Tmut           7%         N/A       19%         2
 Mephitic Cloud           Conj/Pois/Air  12%        N/A       26%         3
 Ignite Poison            Fire/Tmut/Pois 7%         N/A       36%         3
 Ozocubu's Armour         Ice            7%         N/A       36%         3
 Spider Form              Tmut/Pois      3%         N/A       36%         3
 Fulminant Prism          Conj/Hex       8%         3d7       50%         4
 Flame Wave               Conj/Fire      7%         3d4       77%         4
 Sticky Flame             Conj/Fire      7%         2d3       77%         4
 Metabolic Englaciation   Hex/Ice        8%         N/A       83%         5
 Monstrous Menagerie      Summ           26%        N/A       95%         7
 Malign Gateway           Summ/Tloc      15%        N/A       100%        7
 Ozocubu's Refrigeration  Ice            3%         4d5       100%        7
 Lehudib's Crystal Spear  Conj/Erth      3%         10d3      100%        8
 Summon Horrible Things   Summ           26%        N/A       100%        8


Dungeon Overview and Level Annotations

Branches:
Dungeon (9/15)             Temple (1/1) D:5            Lair (0/6) D:8
  Sewer (visited)          Bailey (visited)
    Orc: D:9-12

Altars:
Ashenzari
Cheibriados
Dithmenos
Elyvilon
Fedhas
Gozag
Hepliaklqana
Kikubaaqudgha
Makhleb
Nemelex Xobeh
Okawaru
Qazlal
Ru
Sif Muna
Trog
Uskayaw
Vehumet
Wu Jian
Xom
Yredelemnul
Zin
The Shining One

Shops:
D:9 :


Innate Abilities, Weirdness & Mutations

((You are quick and stealthy near water. (Stealth+, EV+, Speed+++)))
Your lower body shifts to a powerful aquatic tail in water.


Message History

[b] - 160 gold - might and brilliance [c] - 240 gold - might and brilliance Purchase which effect?
You don't have enough gold for that! [a] - 540 gold - heal wounds, curing and resistance [b] - 160 gold - might and brilliance [c] - 240 gold - might and brilliance Purchase which effect?
You no longer have enough gold to petition Gozag for potion effects.
You feel very mighty all of a sudden.
You feel clever all of a sudden.
The kobold demonologist barely misses you.
The sun demon hits you.
* * * LOW HITPOINT WARNING * * *
You are engulfed in flames.
You resist.
* * * LOW HITPOINT WARNING * * *
Unknown command.
Okay, then.
You feel much better. The sun demon misses you.
The kobold demonologist misses you. The sun demon hits you!!
* * * LOW HITPOINT WARNING * * *
You are engulfed in flames.
You resist.
* * * LOW HITPOINT WARNING * * *
Unknown command.
You feel much better.
The kobold demonologist completely misses you.
The sun demon barely misses you.
Unknown command.
Okay, then.
Okay, then.
As you read the scroll of teleportation, it crumbles to dust.
You feel strangely unstable.
The kobold demonologist barely misses you.
The sun demon hits you!!
* * * LOW HITPOINT WARNING * * *
You are engulfed in flames.
You resist.
* * * LOW HITPOINT WARNING * * *
You feel much better. The kobold demonologist misses you.
The sun demon hits you!!
You die...
Your body crumbles into a pile of gold.

#.##.#.#Z#.#
#.#(#.#$###o#
#.##.#)#.# #.#
#.#.#)###!# #=# $
#)5#### ## ## #o##
#K# #K# #@# #3#
#.# #.# #.# #.#
#.#
#.################
#.................


You could see a sun demon (summoned), a kobold demonologist (very poisoned), an
orc warrior, a crimson imp (summoned) and a kobold.

Vanquished Creatures
  An orc warlord (Bailey)
  A kobold demonologist (D:9)
  A nameless horror (Bailey)
  A steam dragon (D:9)
  A water moccasin (D:9)
  7 orc warriors
  A sky beast (D:6)
  A centaur (D:8)
  A kobold brigand (D:9)
  3 bullfrogs
  A scorpion (D:6)
  A howler monkey (D:6)
  A hound (D:5)
  A bullfrog zombie (D:6)
  A jelly (D:4)
  An iguana (D:4)
  A killer bee zombie (D:9)
  A hound skeleton (D:5)
  A howler monkey zombie (D:7)
  A gnoll (Bailey)
  4 adders
  2 river rats (Sewer)
  A white imp (D:8)
  An ufetubus (D:5)
  A worm (D:3)
  2 dart slugs
  8 orcs
  4 endoplasms
  4 giant cockroaches
  8 hobgoblins
  A jackal (Sewer)
  4 quokkas
  5 ball pythons
  2 bats
  A frilled lizard (D:3)
  6 goblins
  2 kobolds (Sewer)
  5 rats
89 creatures vanquished.

Vanquished Creatures (collateral kills)
  2 steam dragons (D:8)
  A water moccasin (D:7)
  An ice beast (D:6)
  4 orc warriors
  2 necrophages
  A centaur (D:7)
  A kobold brigand (Sewer)
  2 bullfrogs
  2 wyvern skeletons
  A centaur zombie (D:9)
  An orc priest (D:8)
  2 jellies
  2 bullfrog skeletons
  3 hounds
  A centaur skeleton (D:6)
  2 iguanas (D:5)
  An orc wizard (D:8)
  2 killer bee zombies (D:8)
  A hound skeleton (D:4)
  A howler monkey skeleton (D:7)
  A howler monkey zombie (D:9)
  2 adders
  4 gnolls (Bailey)
  A river rat (Sewer)
  A worm (D:2)
  14 orcs
  5 endoplasms
  2 giant cockroaches
  13 goblins
  11 hobgoblins
  A jackal (Sewer)
  A quokka (D:1)
  2 ball pythons
  A frilled lizard (D:2)
  8 kobolds
100 creatures vanquished.

Vanquished Creatures (others)
  Harold (D:7)
  A boulder beetle (D:7)
  An orc knight (Bailey)
  Maggie (D:7)
  An acid dragon (D:8)
  A water moccasin (D:6)
  4 orc warriors
  An ice beast (D:3)
  2 black bears
  A necrophage (D:5)
  A bullfrog (D:8)
  A kobold brigand (D:9)
  A scorpion (D:4)
  A wyvern zombie (D:5)
  A gnoll sergeant (D:9)
  A gnoll (Bailey)
  A river rat (D:5)
  3 orcs (Bailey)
  A goblin (Bailey)
  A hobgoblin (Bailey)
  2 kobolds (D:9)
  A rat (D:5)
  2 plants (D:2)
31 creatures vanquished.

Grand Total: 220 creatures vanquished

Notes
Turn   | Place    | Note
-------+----------+-------------------------------------------
     0 | D:1      | mandarbmax the Merfolk Summoner began the quest for the
                  | Orb.
     0 | D:1      | Reached XP level 1. HP: 13/13 MP: 3/3
   306 | D:1      | Reached skill level 3 in Dodging
  1078 | D:1      | Reached XP level 2. HP: 16/19 MP: 1/5
  1795 | D:2      | Reached XP level 3. HP: 19/24 MP: 2/6
  1876 | D:2      | Learned a level 2 spell: Call Imp
  1919 | D:2      | Reached skill level 5 in Summonings
  2384 | D:2      | Got Sif Muna's Compendium of Destructive Enchantment
  2695 | D:3      | Reached XP level 4. HP: 30/30 MP: 2/7
  2959 | D:3      | Noticed an ice beast
  3009 | D:2      | Learned a level 3 spell: Summon Guardian Golem
  3219 | D:3      | Found a faded altar of an unknown god.
  3421 | D:3      | Killed an ice beast
  3422 | D:3      | Reached XP level 5. HP: 35/35 MP: 3/9
  3426 | D:3      | Learned a level 3 spell: Call Canine Familiar
  3888 | D:4      | Reached XP level 6. HP: 40/41 MP: 4/12
  4505 | D:4      | Noticed a black bear
  4513 | D:4      | HP: 2/41 [iguana (4)]
  4517 | D:4      | Reached skill level 4 in Dodging
  4533 | D:4      | Killed a black bear
  4534 | D:4      | Reached skill level 5 in Dodging
  4915 | D:5      | Entered Level 5 of the Dungeon
  4942 | D:5      | Reached XP level 7. HP: 25/46 MP: 4/13
  4948 | D:5      | Reached skill level 6 in Dodging
  4971 | D:5      | Found a staircase to the Ecumenical Temple.
  4981 | Temple   | Entered the Ecumenical Temple
  5052 | Temple   | Became a worshipper of Gozag Ym Sagoz the Greedy
  5129 | D:5      | Found a glowing drain.
  5133 | Sewer    | Entered a sewer
  5146 | Sewer    | Reached skill level 7 in Dodging
  5491 | Sewer    | Found a glowing silver altar of Zin.
  5606 | D:5      | Reached skill level 8 in Dodging
  5606 | D:5      | Reached skill level 1 in Fighting
  6092 | D:5      | Reached XP level 8. HP: 57/57 MP: 11/14
  6816 | D:6      | Reached skill level 9 in Dodging
  6967 | D:6      | Reached skill level 10 in Dodging
  7264 | D:6      | Reached skill level 11 in Dodging
  7336 | D:6      | Reached XP level 9. HP: 65/65 MP: 10/15
  7823 | D:7      | Reached skill level 12 in Dodging
  7830 | D:7      | Found a flagged portal.
  7846 | Bailey   | Entered a bailey
  7876 | Bailey   | Learned a level 4 spell: Summon Lightning Spire
  8257 | Bailey   | Reached skill level 1 in Air Magic
  8416 | Bailey   | Identified the ring "Otifeeh" {rElec rF+++ Will- MP+9 AC+4
                  | Dex-2}
  8419 | Bailey   | Noticed a nameless horror
  8426 | Bailey   | Killed a nameless horror
  8635 | Bailey   | Reached skill level 5 in Fighting
  9048 | Bailey   | Noticed an orc warlord
  9084 | Bailey   | Killed an orc warlord
  9085 | Bailey   | Reached XP level 10. HP: 10/76 MP: 2/17
  9562 | Bailey   | Reached skill level 5 in Spellcasting
  9755 | Bailey   | Noticed an orc knight
  9765 | Bailey   | Killed an orc knight
 10127 | D:7      | Noticed a boulder beetle
 10142 | D:7      | Killed a boulder beetle
 10354 | D:7      | Noticed Harold
 10357 | D:7      | Acquired the Papyrus of the Fetching Volcanoes
 10365 | D:7      | Learned a level 5 spell: Summon Mana Viper
 10402 | D:7      | Killed Harold
 11002 | D:7      | Noticed Maggie
 11012 | D:7      | Killed Maggie
 11571 | D:8      | Reached XP level 11. HP: 64/84 MP: 20/20
 11656 | D:8      | Found a staircase to the Lair.
 12315 | D:8      | Found a broken altar of Ashenzari.
 12987 | D:9      | Found Godut's Book Shoppe.
 12990 | D:9      | Bought a Grand Grimoire for 374 gold pieces
 12990 | D:9      | Bought the Tome of Fiery Summoning for 286 gold pieces
 12990 | D:9      | Bought Ozocubu's Autobiography for 264 gold pieces
 13511 | D:9      | Noticed a sun demon
 13514 | D:9      | HP: 4/86 [sun demon[a kobold demonologist] (3)]
 13517 | D:9      | Slain by a sun demon

Illustrated notes

Levels and vault maps discovered:
D:1:      lightli_arrival_chessboard, layout_loops_ring, nrook_campfire
D:2:      layout_basic, minmay_misc_feat_room, palyth_stone_intersect,
          guppyfry_early_lair_pool
D:3:      layout_basic, ebering_ecumenical_altar_mist
D:4:      layout_loops_ring, minmay_misc_feat_roman
D:5:      layout_basic, minmay_temple_entry_offerings, gup_sewer_entry_bowl
D:6:      layout_cave_pools, hangedman_abyss_or_decor_slice
D:7:      layout_gridville, enter_bailey_2, uniq_maggie, uniq_harold
D:8:      layout_layer_cave, mainiacjoe_overflow_alcove_4, lair_entry_dummy
D:9:      minmay_imperfect_grid, layout_basic, serial_shops,
          nicolae_stop_n_shop_1, uniq_erolcha, uniq_joseph
Temple:   compressed_dpeg_triangle_lava_temple

Skill      XL: |  1  2  3  4  5  6  7  8  9 10 11 |
---------------+----------------------------------+-----
Dodging        | 3 5 8 11 12 | 12.2
Summonings     | 5 6 8 9 |  9.0
Spellcasting   | 3 4 6 |  6.0
Fighting       | 2 4 6 7 8 |  8.2
Air Magic      | 3 |  3.0
Evocations     | 2 4 |  4.0
Hexes          | 3 4 |  4.0
Stealth        | |  2.1

Action                   |  1- 3 |  4- 6 |  7- 9 | 10-12 || total
-------------------------+-------+-------+-------+-------++-------
Melee: Whip              |    59 |    67 |   180 |   192 ||   498
       Unarmed           |     4 |       |       |       ||     4
       Dagger            |    17 |       |       |       ||    17
Throw: Dart              |       |       |     7 |       ||     7
 Cast: Summon Small Mamm |    27 |     9 |    20 |     4 ||    60
       Call Imp          |     8 |     7 |    19 |    10 ||    44
       Summon Guardian G |       |     7 |    18 |    26 ||    51
       Call Canine Famil |       |     8 |    29 |    17 ||    54
       Summon Lightning  |       |       |     7 |    24 ||    31
       Summon Mana Viper |       |       |       |     5 ||     5
Invok: Potion Petition   |       |       |       |     1 ||     1
Evoke: Wand              |       |       |    10 |       ||    10
  Use: Scroll            |       |     7 |     5 |     4 ||    16
       Potion            |       |     1 |     2 |     3 ||     6
 Stab: Sleeping          |     4 |       |       |     1 ||     5
Armor: Robe              |     7 |     9 |    45 |     5 ||    66
       Leather armour    |       |       |       |    11 ||    11
       Steam dragon scal |       |       |       |    54 ||    54
Dodge: Dodged            |    46 |    46 |   186 |   210 ||   488

Table legend: (Time is in decaauts)
 A = Elapsed time spent in this place.
 B = Non-inter-level travel time spent in this place.
 C = Inter-level travel time spent in this place.
 D = Time resting spent in this place.
 E = Time spent auto-exploring this place.
 F = Levels seen in this place.
 G = Mean time per level.
                   A        B        C        D        E       F      G
               +--------+--------+--------+--------+--------+-----+--------+
         Total |  13528 |  13245 |    283 |   2237 |   8412 |  12 | 1127.3 |
       Dungeon |  10817 |  10553 |    264 |   1550 |   7246 |   9 | 1201.9 |
        Temple |     90 |     71 |     19 |      0 |      0 |   1 |   90.0 |
         Sewer |    360 |    360 |      0 |      0 |    247 |   1 |  360.0 |
        Bailey |   2259 |   2259 |      0 |    687 |    918 |   1 | 2259.0 |
               +--------+--------+--------+--------+--------+-----+--------+

Top non-repeatable levels by time:
  Bailey: 2259 daAuts
     D:1: 1711 daAuts
     D:8: 1637 daAuts
     D:5: 1341 daAuts
     D:7: 1325 daAuts
     D:4: 1280 daAuts
     D:3: 1044 daAuts
     D:6: 1042 daAuts
     D:2: 889 daAuts
     D:9: 544 daAuts
   Sewer: 360 daAuts
  Temple: 90 daAuts
